 Dungeon Crawl Stone Soup version 0.29.0-11-gd7f09526c8 (webtiles) character file.

Game seed: 18281437600745829273

599 sanka the Martial Artist (level 7, 57/57 HPs)
             Began as a Red Draconian Monk on Sept 2, 2022.
             Quit the game on level 4 of the Dungeon.
             The game lasted 00:07:47 (5085 turns).

sanka the Martial Artist (Red Draconian Monk)       Turns: 5085, Time: 00:07:47

Health: 57/57      AC: 10    Str: 13    XL:     7   Next: 17%
Magic:  7/7        EV: 12    Int: 13    God:
Gold:   19         SH:  0    Dex: 13    Spells: 6/6 levels left

rFire   + . .      SeeInvis .     - Unarmed
rCold   . . .      Faith    +   (no shield)
rNeg    . . .      Spirit   .   (body armour unavailable)
rPois   .          Reflect  .   (helmet restricted)
rElec   .          Harm     .   y - +0 cloak
rCorr   .          Rampage  .   (no gloves)
Will    +....                   x - +2 pair of boots
Stlth   ++........              h - amulet of faith
HPRegen 0.19/turn               m - ring of wizardry
MPRegen 0.10/turn               k - ring of willpower

@: no status effects
A: breathe fire, AC +6, unfitting armour, fire resistance 1, cold-blooded
a: Breathe Fire


You were on level 4 of the Dungeon.
You visited 1 branch of the dungeon, and saw 4 of its levels.
You also visited: Sewer.

You collected 171 gold pieces.
You spent 152 gold pieces at shops.


Innate Abilities, Weirdness & Mutations

You can breathe blasts of fire.
Your fiery red scales are hard. (AC +6)
You cannot fit into any form of body armour.
Your flesh is heat resistant. (rF+)
You are cold-blooded and may be slowed by cold attacks.


   Skills:
 - Level 3.2 Fighting
 - Level 2.6 Dodging
 - Level 1.7 Stealth
 + Level 8.3 Unarmed Combat


You had 6 spell levels left.
You didn't know any spells.
Your spell library contained the following spells:

 Spells                   Type           Power      Damage    Failure   Level
 Sublimation of Blood     Necr           0%         N/A       19%         2
 Wereblood                Tmut           0%         N/A       19%         2
 Dazzling Flash           Conj/Hex       0%         N/A       34%         3
 Airstrike                Air            0%         2d(0-16)  73%         4
 Summon Lightning Spire   Summ/Air       0%         N/A       73%         4
 Agony                    Necr           0%         N/A       96%         5
 Lightning Bolt           Conj/Air       0%         1d11      96%         5
 Silence                  Hex/Air        0%         N/A       96%         5
 Summon Hydra             Summ           0%         N/A       100%        7

Inventory:

Hand Weapons
 d - a +2 dagger of venom
Missiles
 q - 4 javelins (quivered)
Armour
 x - a +2 pair of boots (worn)
 y - a +0 cloak (worn)
Jewellery
 h - an amulet of faith (around neck)
 k - a ring of willpower (right hand)
 m - a ring of wizardry (left hand)
Scrolls
 b - 3 scrolls of butterflies
 c - 3 scrolls of teleportation {unknown}
 e - 2 scrolls of magic mapping {unknown}
 g - 2 scrolls of enchant armour
 i - 3 scrolls of poison {!r}
 l - 2 scrolls of immolation {unknown}
 p - a scroll of amnesia {unknown}
 t - a scroll of enchant weapon {unknown}
Potions
 f - 2 potions of cancellation {unknown}
 j - 3 potions of heal wounds {unknown}
 n - 3 potions of curing {unknown}
 o - 3 potions of brilliance {unknown}
 r - 2 potions of experience {unknown}
 s - a potion of attraction {unknown}
 u - a potion of might {unknown}
 v - a potion of berserk rage {unknown}
 w - 2 potions of lignification {unknown}

Dungeon Overview and Level Annotations

Branches:
Dungeon (4/15)              Sewer (visited)
 Temple: D:4-7

Altars:

Shops:
D:2 [

Annotations:
D:4 3 runed translucent doors, MirrMurr's ghost, amateur DsBe

g+...........▒▒▒▒▒▒
.+.....▒▒.▒..▒▒...▒▒
.▒...........▒.....▒
.▒.....▒▒......†...▒
▒▒...▒.▒▒▒▒.▒▒.....▒
.....▒.. ...▒▒▒...▒▒
.....▒▒▒▒▒▒▒▒ ▒▒.▒▒
▒▒▒▒+ ▒.▒ ▒d▒ ▒.▒
▒(▒ ▒..(.▒ +.Y.....▒
▒▒▒▒....▒ ▒.....
▒..(.. ▒...£.


There were no monsters in sight!


Message History

The sky beast seems to slow down.
The sky beast is lightly wounded.
Unknown command.
The sky beast hits you but does no damage.
You closely miss the sky beast.
The sky beast is moderately wounded.
You hit the sky beast.
The sky beast is heavily wounded.
The sky beast hits you but does no damage.
Unknown command.
You closely miss the sky beast.
The sky beast is heavily wounded.
The sky beast misses you.
Unknown command.
You hit the sky beast.
The sky beast is severely wounded.
Unknown command.
You barely miss the sky beast.
The sky beast is severely wounded.
The sky beast barely misses you.
You punch the sky beast!
You kill the sky beast!
You have reached level 7!
Your scales start taking on a fiery red colour.
You learn Fire Magic much quicker.
You learn Ice Magic much slower.
You can breathe blasts of fire.
You feel resistant to heat.
Unknown command.
Are you sure you want to abandon this character and quit the game? (Confirm with "yes".)

Action                   |  1- 3 |  4- 6 |  7- 9 || total
-------------------------+-------+-------+-------++-------
Melee: Unarmed           |   158 |   280 |       ||   438
       Tailslap          |    14 |    36 |       ||    50
       Punch             |     4 |     5 |       ||     9
Throw: Dart              |       |     2 |       ||     2
       Javelin           |       |     1 |       ||     1
  Use: Potion            |       |     2 |       ||     2
       Scroll            |       |     6 |       ||     6
 Stab: Sleeping          |     5 |     7 |       ||    12
Armor: Skin              |    56 |    53 |       ||   109
Dodge: Dodged            |    93 |   138 |       ||   231

Levels and vault maps discovered:
D:1:      nicolae_arrival_memento_mori, layout_loops_ring,
          ebering_ecumenical_altar_hall
D:2:      minmay_skewed_foursquare, layout_loops_ring, serial_shops,
          nicolae_lakefront_shop, minmay_octomino_e4
D:3:      layout_loops_ring
D:4:      layout_loops_corners, gup_sewer_entry_pipe, gammafunk_ghost_split,
          dk_vineyard_2

Notes
Turn   | Place    | Note
-------+----------+-------------------------------------------
     0 | D:1      | sanka the Draconian Monk began the quest for the Orb.
     0 | D:1      | Reached XP level 1. HP: 19/19 MP: 1/1
   143 | D:1      | Reached XP level 2. HP: 26/26 MP: 2/2
   208 | D:1      | HP: 2/26 [poisoned by a goblin]
   818 | D:1      | Reached skill level 4 in Unarmed Combat
  1170 | D:1      | Found a faded altar of an unknown god.
  1202 | D:1      | Reached XP level 3. HP: 27/31 MP: 3/3
  1596 | D:2      | Reached XP level 4. HP: 23/38 MP: 4/4
  1642 | D:2      | Reached skill level 5 in Unarmed Combat
  2653 | D:2      | Found Qiorol's Antique Armour Shop.
  3418 | D:3      | Reached XP level 5. HP: 33/45 MP: 5/5
  3976 | D:4      | Reached skill level 6 in Unarmed Combat
  3999 | D:4      | Found a glowing drain.
  4067 | Sewer    | Entered a sewer
  4354 | Sewer    | Reached XP level 6. HP: 31/51 MP: 6/6
  4766 | Sewer    | Reached skill level 7 in Unarmed Combat
  4880 | D:4      | Found a runed translucent gate.
  4881 | D:4      | Found a runed translucent gate.
  4881 | D:4      | Noticed MirrMurr's ghost (amateur DsBe)
  4955 | D:2      | Bought a pair of boots for 76 gold pieces
  4955 | D:2      | Bought a cloak for 76 gold pieces
  5019 | D:4      | Found a runed translucent gate.
  5052 | D:4      | Noticed a sky beast
  5067 | D:4      | Reached skill level 8 in Unarmed Combat
  5084 | D:4      | Killed a sky beast
  5085 | D:4      | Your scales start taking on a fiery red colour.
  5085 | D:4      | Reached XP level 7. HP: 57/57 MP: 7/7
  5085 | D:4      | Gained mutation: Your flesh is heat resistant. (rF+) [Red
                  | Draconian growth]
  5085 | D:4      | Quit the game

Vanquished Creatures
  A sky beast (D:4)
  3 kobold brigands (Sewer)
  A scorpion (D:4)
  An iguana (D:3)
  8 adders
  2 river rats (Sewer)
  5 worms
  4 orcs (D:3)
  8 bats
  5 endoplasms
  7 giant cockroaches
  9 goblins
  5 hobgoblins
  5 jackals (D:1)
  8 quokkas
  7 ball pythons
  3 frilled lizards
  15 kobolds
  10 rats
107 creatures vanquished.
